 Dungeon Crawl Stone Soup version 0.31.0-11-ge490571c62 (webtiles) character file.

Game seed: 1050936382769589134

6449 Rassilon the Martial Artist (level 10, -19/82 HPs)
             Began as a Demonspawn Monk on Feb 2, 2024.
             Demolished by an orc warrior
             ... wielding a +0 glaive
              (27 damage)
             ... in a bailey.
             The game lasted 00:35:25 (6946 turns).

Rassilon the Martial Artist (Demonspawn Monk)       Turns: 6946, Time: 00:35:28

Health: -19/82     AC: 13    Str: 15    XL:     10   Next: 67%
Magic:  24/24      EV: 13    Int: 11    God:
Gold:   262        SH:  0    Dex: 16    Spells: 15/16 levels left

rFire   . . .        i - +3 quarterstaff
rCold   . . .        (shield currently unavailable)
rNeg    . . .        a - +4 scale mail {rPois}
rPois   +            u - +0 helmet
rElec   .            (no cloak)
rCorr   .            (no gloves)
SInv    .            (no boots)
Will    .....        (no amulet) Stlth
                     v - ring of wizardry
HPRegen 0.33/turn    E - ring "Zucais" {rPois MP+9}
MPRegen 0.19/turn

%: wizardry (x1)
@: no status effects
A: powered by pain 2, sharp scales 2, demonic magic 1, weakness stinger 1
a: no special abilities


You were in a bailey.
You visited 2 branches of the dungeon, and saw 8 of its levels.
You also visited: Bailey.

You collected 367 gold pieces.
You spent 105 gold pieces at shops.

Inventory:

Hand Weapons
 i - a +3 quarterstaff (weapon)
Missiles
 s - a throwing net (quivered)
 y - 5 atropa-tipped darts
Armour
 a - a +4 scale mail of poison resistance (worn)
 k - a +2 robe of cold resistance
 u - a +0 helmet (worn)
Jewellery
 v - a ring of wizardry (left hand)
 B - a ring of willpower
 E - the ring "Zucais" (right hand) {rPois MP+9}
   (You bought it in a shop on level 6 of the Dungeon)

   [ring of magical power]

   rPois:     It protects you from poison MP+9: It affects your magic capacity
   (+9).
Wands
 q - a wand of iceblast (2)
Scrolls
 b - a scroll of teleportation
 c - 2 scrolls of acquirement {unknown}
 e - 7 scrolls of identify {unknown}
 f - 2 scrolls of summoning {unknown}
 h - a scroll of revelation {unknown}
 j - a scroll of noise {unknown}
 l - a scroll of enchant armour {unknown}
 n - 2 scrolls of fog {unknown}
 r - 2 scrolls of immolation {unknown}
 t - a scroll of enchant weapon {unknown}
 w - a scroll of brand weapon {unknown}
 z - 3 scrolls of blinking {unknown}
 D - a scroll of poison {unknown}
Potions
 g - a potion of degeneration
 o - 2 potions of brilliance


   Skills:
 + Level 8.8 Fighting
 + Level 8.0 Dodging
 * Level 10.6 Unarmed Combat
 - Level 3.5 Spellcasting
 - Level 3.8 Alchemy


You had 15 spell levels left.
You knew the following spells:

 Your Spells              Type           Power      Damage    Failure   Level
a - Sting                 Conj/Alch      24%        1d4       19%         1

Your spell library contained the following spells:

 Spells                   Type           Power      Damage    Failure   Level
 Mercury Vapours          Alch/Air       12%        N/A       28%         2
 Apportation              Tloc           2%         N/A       38%         1
 Necrotise                Necr           4%         1d4       38%         1
 Summon Small Mammal      Summ           4%         N/A       38%         1
 Olgreb's Toxic Radiance  Alch           10%        N/A       61%         4


Dungeon Overview and Level Annotations

Branches:
Dungeon (7/15)             Temple (1/1) D:4          Bailey (1/1)

Altars:
Ashenzari
Cheibriados
Dithmenos
Fedhas
Gozag
Kikubaaqudgha
Makhleb
Nemelex Xobeh
Qazlal
Ru
Sif Muna
Trog
Uskayaw
Vehumet
Xom
Yredelemnul

Shops:
D:2 !   D:5 *   D:6 *


Innate Abilities, Weirdness & Mutations

You sometimes gain power by taking damage.
You are mostly covered in razor-sharp scales. (AC +2, Slay +2)
Spells you cast may paralyse adjacent enemies.
You have a small tail.


Message History

The orc knight roars a battlecry!
The orc warrior completely misses you.
You closely miss the orc knight.
You tail-slap the orc knight, but do no damage.
The orc knight is severely wounded.
The orc knight misses you. The orc warrior closely misses you.
The orc knight hits you but does no damage.
You hit the orc knight.
The orc knight is severely wounded.
The orc warrior no longer looks unusually strong.
The orc warrior hits you but does no damage.
The orc knight roars a battlecry!
The orc warrior goes into a battle-frenzy!
The orc knight hits you from afar with a +0 trident!
* * * LOW HITPOINT WARNING * * *
It was a potion of cancellation.
You feel magically purged.
The orc knight hits you but does no damage.
The orc warrior attacks as it pursues you!
The orc warrior hits you from afar with a +0 glaive.
* * * LOW HITPOINT WARNING * * *
The orc knight attacks as it pursues you!
The orc knight hits you from afar with a +0 trident!
* * * LOW HITPOINT WARNING * * *
You focus on the pain.
You feel your power returning.
The orc warrior attacks as it pursues you!
The orc warrior misses you.
There is an open door here.
Things that are here:
a +0 spear; a +0 chain mail; an orc corpse You close the door.
An orc warrior opens the door.
You close the door.
An orc warrior breaks down the door.
It's broken and can't be closed.
Casting: Sting (safe; 19% risk of failure)
Confirm with . or Enter, or press ? or * to list all spells.
Aiming: Sting (safe; 19% risk of failure)
Press: ? - help, Shift-Dir - straight line, f - orc warrior
Aim: an orc warrior, wielding a +0 glaive and wearing a +0 ring mail (strong, 60% to hit)
The sting misses the orc warrior.
Malevolent energies surge around you.
The orc warrior hits you from afar with a +0 glaive!!
You die...

≈#)##≈......###......≈##.#≈≈.....
≈≈.≈≈≈...#########...≈≈≈.≈≈......
........##.......##..............
.......##..#'#'#..##.............
.......#..##)#)##..#.............
......##.#########.##............
......##.')#}.[#)'.##............
......##.###.8.###.##............
......##.')#..o#@'.##............
......##.####o####o##............
......##..##∩.o##..#.............
..........##'''#o.##.............
..........##...o.##..............
≈≈.≈≈≈....##....##...≈≈≈.≈≈......
≈#.##≈....#######....≈##)#≈≈.....
##.∩#≈...............≈#∩)##≈.....
#..)).....................#≈.....


You could see an orc warrior (strong).

Vanquished Creatures
  A hornet (D:7)
  Sigmund (D:2)
  Eustachio (D:5)
  9 orc warriors
  4 ice beasts
  2 black bears (D:6)
  An ogre (D:4)
  A centaur (D:6)
  2 phantoms
  2 bullfrogs
  2 bombardier beetles (D:4)
  4 hounds (D:6)
  3 jellies
  An orc priest (D:7)
  A gnoll bouda (D:6)
  Terence (D:3)
  A sleepcap (D:6)
  3 iguanas
  5 orc wizards
  Natasha (D:2)
  13 gnolls
  5 adders
  A white imp (D:7)
  2 ufetubi (D:5)
  4 ribbon worms (D:2)
  3 dart slugs
  33 orcs
  6 ball pythons
  6 endoplasms
  A giant cockroach (D:4)
  6 goblins (D:2)
  6 hobgoblins
  2 kobolds (D:3)
  6 bats
  A frilled lizard (D:3)
  2 rats
143 creatures vanquished.

Vanquished Creatures (others)
  An orc wizard (D:6)
1 creature vanquished.

Grand Total: 144 creatures vanquished

Notes
Turn   | Place    | Note
-------+----------+-------------------------------------------
     0 | D:1      | Rassilon the Demonspawn Monk began the quest for the Orb.
     0 | D:1      | Reached XP level 1. HP: 18/18 MP: 1/1
   371 | D:1      | Found a faded altar of an unknown god.
   715 | D:2      | Gained mutation: You are partially covered in razor-sharp
                  | scales. (AC +1, Slay +1) [demonic ancestry]
   715 | D:2      | Reached XP level 2. HP: 23/24 MP: 2/2
   746 | D:2      | Found Xacwull's Distillery.
   809 | D:2      | Reached skill level 3 in Unarmed Combat
   917 | D:2      | Gained mutation: You have a small tail. [demonic ancestry]
   917 | D:2      | Reached XP level 3. HP: 22/29 MP: 3/3
  1163 | D:2      | Noticed Sigmund
  1170 | D:2      | Killed Sigmund
  1171 | D:2      | Reached skill level 4 in Unarmed Combat
  1171 | D:2      | Gained mutation: Spells you cast may paralyse adjacent
                  | enemies. [demonic ancestry]
  1171 | D:2      | Reached XP level 4. HP: 38/38 MP: 4/4
  1171 | D:2      | Gained mutation: You sometimes gain a little power by
                  | taking damage. [demonic ancestry]
  1171 | D:2      | Reached XP level 5. HP: 43/43 MP: 5/5
  1437 | D:2      | Noticed Natasha
  1444 | D:2      | Killed Natasha
  1569 | D:3      | Noticed Terence
  1600 | D:3      | Killed Terence
  1601 | D:3      | Gained mutation: You are mostly covered in razor-sharp
                  | scales. (AC +2, Slay +2) [demonic ancestry]
  1601 | D:3      | Reached XP level 6. HP: 37/49 MP: 6/6
  1987 | D:3      | Identified the +0 leather armour of the Kraken {^Contam rC+
                  | Stlth+}
  2627 | D:4      | Reached skill level 5 in Fighting
  2702 | D:4      | Reached skill level 5 in Unarmed Combat
  2706 | D:4      | Reached XP level 7. HP: 42/56 MP: 7/7
  2882 | D:4      | Found a staircase to the Ecumenical Temple.
  2888 | Temple   | Entered the Ecumenical Temple
  3051 | D:5      | Entered Level 5 of the Dungeon
  3055 | D:5      | Noticed Eustachio
  3069 | D:5      | Killed Eustachio
  3232 | D:5      | Found Fuixatau's Mass Market.
  3487 | D:5      | Reached skill level 5 in Dodging
  3586 | D:5      | Reached skill level 6 in Unarmed Combat
  3671 | D:5      | Found a radiant altar of Vehumet.
  3878 | D:6      | Learned a level 1 spell: Sting
  3969 | D:6      | Reached XP level 8. HP: 64/64 MP: 8/8
  4338 | D:6      | Reached skill level 7 in Unarmed Combat
  5347 | D:6      | Found Nomulub's Assorted Antiques.
  5353 | D:6      | Bought a slimy marble ring for 105 gold pieces
  5353 | D:6      | Identified the ring "Zucais" {rPois MP+9} (You bought it in
                  | a shop on level 6 of the Dungeon)
  5474 | D:7      | Noticed a hornet
  5594 | D:7      | HP: 2/97 [hornet (11)]
  5601 | D:7      | Killed a hornet
  5602 | D:7      | Gained mutation: You sometimes gain power by taking damage.
                  | [demonic ancestry]
  5602 | D:7      | Reached XP level 9. HP: 17/71 MP: 9/9
  5604 | D:7      | HP: 2/71 [white imp/puff of frost (8)]
  5865 | D:7      | Reached skill level 8 in Unarmed Combat
  6029 | D:7      | Found a flagged portal.
  6036 | Bailey   | Entered a bailey
  6778 | Bailey   | Reached skill level 9 in Unarmed Combat
  6919 | Bailey   | Reached skill level 10 in Unarmed Combat
  6919 | Bailey   | Reached XP level 10. HP: 82/82 MP: 15/15
  6920 | Bailey   | Noticed an orc knight
  6946 | Bailey   | Demolished by an orc warrior

Illustrated notes

Levels and vault maps discovered:
D:1:      amcnicky_arrival_feature_with_door, layout_loops_cross,
          hellmonk_ecumenical_altar_arch_garden
D:2:      layout_basic, serial_shops, shop, uniq_natasha, uniq_sigmund
D:3:      cheibrodos_old_hovel, layout_loops_ring, minivault_24, uniq_terence
D:4:      layout_rooms, kennysheep_mini, minmay_temple_entry_hall, serial_shops,
          shop, serial_co_window_serial, co_window_paths_b, co_window_paths_b,
          co_window_of_opportunity_a, co_window_paths_b, co_window_paths_a,
          co_window_of_opportunity_b, co_window_broadway_c,
          co_window_of_opportunity_b, co_window_2corner,
          co_window_unsneaky_path_c, glass_columns_b, glass_columns_a,
          glass_columns_c, serial_bayou_pond_e
D:5:      layout_loops_ring, mainiacjoe_overflow_six_doors_small, st_stairs_7,
          minmay_shop_mass, uniq_eustachio
D:6:      layout_layer_cave, serial_shops, nicolae_shop_pleasant_corner_grove
D:7:      layout_gridville, enter_bailey_2, minmay_fractal_squares_gapless_5
Temple:   nicolae_temple_bog_church
Bailey:   bailey_polearm_2, bailey

Skill      XL: |  1  2  3  4  5  6  7  8  9 |
---------------+----------------------------+-----
Dodging        | 3 4 5 6 8 |  8.0
Unarmed Combat | 3 4 5 6 7 10 | 10.6
Fighting       | 4 5 6 8 |  8.8
Spellcasting   | 3 |  3.5
Alchemy        | 3 |  3.8

Action                     |  1- 3 |  4- 6 |  7- 9 | 10-12 || total
---------------------------+-------+-------+-------+-------++-------
  Melee: Unarmed           |    20 |       |       |       ||    20
         Quarterstaff      |    57 |   123 |   324 |     9 ||   513
         Punch             |     1 |       |       |       ||     1
         Tailslap          |     1 |    17 |    42 |     5 ||    65
  Throw: Throwing net      |       |       |     1 |       ||     1
   Cast: Sting             |       |       |     9 |     5 ||    14
    Use: Potion            |     2 |     4 |    10 |     1 ||    17
         Scroll            |       |       |     1 |       ||     1
   Stab: Distracted        |     1 |       |       |       ||     1
         Paralysed         |       |       |     2 |       ||     2
 Armour: Robe              |    56 |    35 |       |       ||    91
         Scale mail        |       |    58 |   345 |    19 ||   422
         Skin              |       |       |    46 |       ||    46
  Dodge: Dodged            |    56 |    80 |   278 |    17 ||   431
